 Dungeon Sprint DCSS version 0.28.0-53-g5a82cb258f (webtiles) character file.

Game seed: 15069018392879688634

364 Zeld the Cleaver (level 6, 0/66 HPs)
             Began as a Minotaur Berserker on May 25, 2022.
             Was a Priest of Trog.
             Killed from afar by a burning bush (10 damage)
             ... with a puff of flame
             ... in the Dungeon (Sprint IV: "Fedhas' Mad Dash").
             The game lasted 00:01:49 (2829 turns).

Zeld the Cleaver (Minotaur Berserker)               Turns: 2829, Time: 00:01:50

Health: 0/66       AC:  2    Str: 24    XL:     6   Next: 39%
Magic:  5/5        EV: 13    Int:  4    God:    Trog [***...]
Gold:   21         SH:  0    Dex:  9    Spells: 5/5 levels left

rFire   . . .      SeeInvis .   a - +0 hand axe
rCold   . . .      Faith    .   (no shield)
rNeg    . . .      Spirit   .   b - +0 animal skin
rPois   .          Reflect  .   (helmet restricted)
rElec   .          Harm     .   (no cloak)
rCorr   .          Rampage  .   (no gloves)
Will    .....      NoTele   +   (no boots)
Stlth   +.........              c - amulet of invisibility {+Inv}
HPRegen 0.21/turn               (no ring)
MPRegen 0.09/turn               (no ring)

@: confused, on berserk cooldown, slowed, very slow
A: horns 2, retaliatory headbutt
a: Renounce Religion, Evoke Invisibility, Berserk, Trog's Hand


You were in the Dungeon.
You worshipped Trog.
Trog was most pleased with you.
You visited 1 branch You collected 103 gold pieces.
You spent 82 gold pieces at shops.

Inventory:

Hand Weapons
 a - a +0 hand axe (weapon)
Armour
 b - a +0 animal skin (worn)
Jewellery
 c - the amulet of invisibility (around neck) {+Inv}
   (You found it in the Dungeon)

   [amulet of nothing]

   +Inv:      It lets you turn invisible.
Scrolls
 h - a scroll of blinking
 i - a scroll of identify
Potions
 d - a potion of heal wounds
 e - a potion of haste
 f - 2 potions of magic
 g - a potion of berserk rage


   Skills:
 * Level 10.2 Fighting
 * Level 10.2 Axes
 + Level 7.1 Armour
 + Level 6.4 Dodging


You had 5 spell levels left.
You didn't know any spells.
Your spell library was empty.

Dungeon Overview and Level Annotations

Branches:
Dungeon (1/1)

Altars:
Cheibriados
Dithmenos
Elyvilon
Gozag
Hepliaklqana
Kikubaaqudgha
Makhleb
Nemelex Xobeh
Okawaru
Qazlal
Ru
Sif Muna
Trog
Uskayaw
Vehumet
Wu Jian
Xom
Yredelemnul
Zin
The Shining One
Beogh
Jiyva
Lugonu

Shops:
D *!


Innate Abilities, Weirdness & Mutations

You have a pair of horns on your head.
You reflexively headbutt those who attack you in melee.


Message History

You barely miss the scorpion.
The scorpion is moderately wounded.
You slash the scorpion!
The scorpion is severely wounded.
The scorpion misses you. You furiously retaliate!
You headbutt the scorpion.
You kill the scorpion!
Trog accepts your kill.
Your Fighting skill increases to level 10!
Your Axes skill increases to level 10!
Your Armour skill increases to level 7!
You are no longer berserk.
You are exhausted.
You feel yourself slow down.
The wandering mushroom releases spores at you!
You are engulfed in a cloud of spores!
You hit the wandering mushroom.
The wandering mushroom is lightly damaged.
The wandering mushroom releases spores at you.
You are engulfed in a cloud of spores!
You hit the wandering mushroom.
The wandering mushroom is moderately damaged.
The wandering mushroom releases spores at you!
You are engulfed in a cloud of spores!
The wandering mushroom barely misses you.
You furiously retaliate!
You headbutt the wandering mushroom! You hit the wandering mushroom.
The wandering mushroom is heavily damaged.
The wandering mushroom releases spores at you.
* * * LOW HITPOINT WARNING * * *
You are engulfed in a cloud of spores!
You are confused.
You hit the wandering mushroom. You headbutt the wandering mushroom!
The wandering mushroom is almost destroyed.
The wandering mushroom releases spores at you!
* * * LOW HITPOINT WARNING * * *
You are engulfed in a cloud of spores!
Unknown command.
The wandering mushroom closely misses you.
The burning bush throws fire at you. The puff of flame hits you!
You die...

###################
_._.⌠.#.))...#....#
._._..'.)#...#.f@P+
_._...#..###'##./)#
._._..#.[##∩∩.'..f#
_._.⌠.#############
#######


You could see 2 wandering mushrooms and a burning bush.

Vanquished Creatures
  3 scorpions (D)
  4 oklob saplings (D)
  2 spriggans (D)
  A river rat (D)
  A rat (D)
11 creatures vanquished.

Vanquished Creatures (others)
  2 fungi (D)
2 creatures vanquished.

Grand Total: 13 creatures vanquished

Notes
Turn   | Place    | Note
-------+----------+-------------------------------------------
     0 | D        | Zeld the Minotaur Berserker began the quest for the Orb.
     0 | D        | Reached XP level 1. HP: 19/19 MP: 0/0
    17 | D        | Reached XP level 2. HP: 8/28 MP: 1/1
   341 | D        | Noticed an oklob sapling
   777 | D        | Killed an oklob sapling
   777 | D        | Reached ** piety under Trog
   778 | D        | Reached skill level 5 in Fighting
   778 | D        | Reached skill level 5 in Axes
   778 | D        | Reached XP level 3. HP: 37/37 MP: 2/2
   980 | D        | Noticed a scorpion
   980 | D        | Found the amulet of invisibility {+Inv}
   992 | D        | Killed a scorpion
   993 | D        | Reached XP level 4. HP: 23/47 MP: 3/3
  1418 | D        | Found an opulent altar of Gozag.
  1418 | D        | Found a hazy altar of Hepliaklqana.
  1418 | D        | Found a burning altar of Makhleb.
  1418 | D        | Found a sparkling altar of Nemelex Xobeh.
  1418 | D        | Found a snail-covered altar of Cheibriados.
  1418 | D        | Found a sacrificial altar of Ru.
  1418 | D        | Found a shimmering blue altar of Sif Muna.
  1418 | D        | Found a shimmering altar of Xom.
  1418 | D        | Found a basalt altar of Yredelemnul.
  1419 | D        | Found an ornate altar of the Wu Jian Council.
  1420 | D        | Found a viscous altar of Jiyva.
  1420 | D        | Found a bloodstained altar of Trog.
  1773 | D        | Reached skill level 5 in Armour
  1910 | D        | Found an iron altar of Okawaru.
  1910 | D        | Found a glowing silver altar of Zin.
  1910 | D        | Found a shadowy altar of Dithmenos.
  1911 | D        | Found a hide-covered altar of Uskayaw.
  1911 | D        | Found an ancient bone altar of Kikubaaqudgha.
  1912 | D        | Found a glowing golden altar of the Shining One.
  1912 | D        | Found a stormy altar of Qazlal.
  1912 | D        | Found a white marble altar of Elyvilon.
  1913 | D        | Found a radiant altar of Vehumet.
  1913 | D        | Found a corrupted altar of Lugonu.
  1923 | D        | Reached skill level 5 in Dodging
  1923 | D        | Reached XP level 5. HP: 55/55 MP: 2/4
  2328 | D        | Reached *** piety under Trog
  2538 | D        | Reached XP level 6. HP: 15/66 MP: 3/5
  2807 | D        | Found Vics's Distillery.
  2807 | D        | Found Xuis's General Store.
  2810 | D        | Bought a potion of heal wounds for 60 gold pieces
  2811 | D        | Bought a scroll of identify for 22 gold pieces
  2814 | D        | Noticed a burning bush
  2814 | D        | Noticed a wandering mushroom
  2815 | D        | Noticed a wandering mushroom
  2824 | D        | Reached skill level 10 in Fighting
  2824 | D        | Reached skill level 10 in Axes
  2829 | D        | Killed from afar by a burning bush

Illustrated notes

Levels and vault maps discovered:
D:        dungeon_sprint_fedhas [sprint_temple]

Skill      XL: |  1  2  3  4  5  6 |
---------------+-------------------+-----
Fighting       | 4 5 7 8 9 10 | 10.2
Axes           | 4 5 7 8 9 10 | 10.2
Armour         | 3 4 5 6 7 |  7.1
Dodging        | 3 4 5 6 |  6.4

Action                   |  1- 3 |  4- 6 || total
-------------------------+-------+-------++-------
Melee: Hand axe          |    24 |    44 ||    68
       Headbutt          |     3 |     8 ||    11
Invok: Berserk           |       |     1 ||     1
 Abil: Evoke Invisibilit |       |     5 ||     5
  Use: Potion            |     2 |       ||     2
 Stab: Sleeping          |       |     1 ||     1
       Invisible         |       |     3 ||     3
Armor: Animal skin       |     3 |     2 ||     5
Dodge: Dodged            |    10 |    23 ||    33
